 Dungeon Crawl Stone Soup version 0.31-a0-716-gc7603755dd (webtiles) character file.

Game seed: 7854696915538780710

6868 zero the Fighter (level 11, -2/74 HPs)
             Began as a Gargoyle Fighter on Sept 10, 2023.
             Was a Priest of Zin.
             Killed by an exploding five-headed hydra (25 damage)
             ... ignited by their inner flame
             ... on level 9 of the Dungeon.
             The game lasted 00:10:28 (8050 turns).

zero the Fighter (Gargoyle Fighter)                 Turns: 8050, Time: 00:10:28

Health: -2/74      AC: 27    Str: 25    XL:     11   Next: 6%
Magic:  14/17      EV:  5    Int:  8    God:    Zin [***...]
Gold:   404        SH: 14    Dex:  9    Spells: 10/10 levels left

rFire   + . .        a - +1 war axe
rCold   + . .        i - +0 tower shield
rNeg    + . .        o - +0 plate armour
rPois   ∞            m - +2 helmet
rElec   +            u - +0 cloak
rCorr   .            l - +0 pair of gloves
SInv    .            s - +0 pair of boots
Will    .....        w - amulet of faith Stlth
                     j - ring of protection from fire
HPRegen 0.32/turn    n - ring of protection from cold
MPRegen 0.15/turn

%: faith
@: no status effects
A: sickness immunity, AC +8, negative energy resistance 1, electricity
resistance, torment resistance 1, petrification resistance
a: Renounce Religion, Recite, Vitalisation, Imprison, Donate Gold


You were on level 9 of the Dungeon.
You worshipped Zin.
Zin was most pleased with you.
You visited 1 branch of the dungeon, and saw 9 of its levels.

You collected 448 gold pieces.
You donated 44 gold pieces to Zin.

Inventory:

Hand Weapons
 a - a +1 war axe (weapon)
Armour
 i - a +0 tower shield (worn)
 l - a +0 pair of gloves (worn)
 m - a +2 helmet (worn)
 o - a +0 plate armour (worn)
 s - a +0 pair of boots (worn)
 u - a +0 cloak (worn)
 x - +1 swamp dragon scales
Jewellery
 j - a ring of protection from fire (left hand)
 n - a ring of protection from cold (right hand)
 w - an amulet of faith (around neck)
Wands
 r - a wand of flame (11)
 v - a wand of mindburst (9)
Scrolls
 f - 3 scrolls of immolation
 g - 3 scrolls of noise
 t - 3 scrolls of identify
 z - a scroll of blinking
Potions
 b - 2 potions of curing {unknown}
 c - 4 potions of heal wounds
 d - a potion of might
 e - 2 potions of attraction {unknown}
 h - a potion of mutation {unknown}
 k - 2 potions of magic
 p - a potion of enlightenment {unknown}
 q - a potion of invisibility {unknown}


   Skills:
 * Level 11.1 Fighting
 + Level 7.8 Axes
 - Level 5.0 Armour
 - Level 8.0 Shields
 + Level 8.3 Invocations


You had 10 spell levels left.
You didn't know any spells.
Your spell library contained the following spells:

 Spells                   Type           Power      Damage    Failure   Level
 Sting                    Tmut/Pois      0%         1d3       100%        1
 Poisonous Vapours        Pois/Air       0%         N/A       100%        2
 Static Discharge         Conj/Air       0%         2-2/arc   100%        2
 Inner Flame              Hex/Fire       0%         N/A       100%        3
 Summon Guardian Golem    Hex/Summ       0%         N/A       100%        3
 Airstrike                Air            0%         2d(0-16)  100%        4
 Flame Wave               Conj/Fire      0%         2d4       100%        4
 Olgreb's Toxic Radiance  Pois           0%         N/A       100%        4
 Sticky Flame             Conj/Fire      0%         2d3       100%        4
 Summon Lightning Spire   Summ/Air       0%         N/A       100%        4
 Orb of Destruction       Conj           0%         9d5       100%        7
 Spellforged Servitor     Conj/Summ      0%         N/A       100%        7


Dungeon Overview and Level Annotations

Branches:
Dungeon (9/15)             Temple (0/1) D:5             Orc (0/2) D:9
   Lair: D:8-11

Altars:
Dithmenos
Qazlal
Uskayaw
Zin
The Shining One

Shops:
D:6 =

Annotations:
D:4 Natasha
D:8 exclusion: downstairs


Innate Abilities, Weirdness & Mutations

You are immune to sickness and miasma.
Your stone body is resilient. (AC +8)
You are immune to poison.
You resist negative energy. (rN+)
You are resistant to electric shocks. (rElec)
You are resistant to unholy torment.
You are immune to petrification.


Message History

The orc hits you but does no damage. The five-headed hydra bites you!
The five-headed hydra bites you.
The five-headed hydra bites you but does no damage.
The five-headed hydra bites you.
The five-headed hydra bites you but does no damage.
Unknown command.
The orc hits you but does no damage.
The orc zaps a wand.
You easily resist.
You feel less confused.
The five-headed hydra attacks as it pursues you!
You block the five-headed hydra's attack.
The five-headed hydra bites you but does no damage.
You block the five-headed hydra's attack.
The five-headed hydra bites you.
The five-headed hydra completely misses you.
The five-headed hydra bites you but does no damage. x2
You block the five-headed hydra's attack. x2
The five-headed hydra bites you but does no damage.
Okay, then.
Okay, then.
As you read the scroll of immolation, it crumbles to dust.
The creatures around you are filled with an inner flame!
You block the five-headed hydra's attack. x2
The five-headed hydra bites you but does no damage. x2
The five-headed hydra bites you.
You hit the orc.
Flame seeps out of the orc.
The orc is moderately wounded.
You barely miss the five-headed hydra.
You block the five-headed hydra's attack.
The five-headed hydra bites you but does no damage. x2
The five-headed hydra bites you.
You block the five-headed hydra's attack.
The orc is engulfed in blazing flames.
The orc explodes!
The fiery explosion engulfs you!! You resist.
The fiery explosion engulfs the five-headed hydra!!!!
The five-headed hydra explodes!
The fiery explosion engulfs you!! You resist.
You die...

...#....######..####.##.####.#.
............"#...............#.
##......#.########.#######
...##......#.# #.#......
............#.# #####.#.#####
..#....#....#.# #...#[#......
#...........# #.>.#.#.#####
#......##§§.# #...#.<......
#......##○@.# #...###.#####
#:......§§§.# #...#.#......
.######..§§#.# #.†.#.#......
.............# #...#.#......
.$......###..## #...'.'......
.$......)....># #...#.#......
############### ###.#.#######
#.#........ #.#.#######


There were no monsters in sight!

Vanquished Creatures
  A hydra (D:9)
  A centaur warrior (D:8)
  A cyclops (D:9)
  A komodo dragon (D:9)
  2 trolls
  A hornet (D:8)
  Grinder (D:6)
  2 slime creatures (D:9)
  Sigmund (D:6)
  6 yaks
  A vampire (D:9)
  Eustachio (D:4)
  Menkaure (D:4)
  Edmund (D:6)
  2 water moccasins
  4 orc warriors
  2 centaurs (D:7)
  A kobold brigand (D:9)
  2 scorpions (D:4)
  8 wights
  7 killer bees
  4 howler monkeys
  3 hounds
  A jelly (D:4)
  6 orc priests
  A gnoll bouda (D:4)
  Crazy Yiuf (D:6)
  A sleepcap (D:6)
  4 iguanas
  10 orc wizards
  A centaur simulacrum (D:9)
  Robin (D:2)
  15 gnolls
  8 adders
  3 white imps
  2 ufetubi (D:5)
  A worm (D:4)
  2 dart slugs
  40 orcs
  3 bats
  6 endoplasms
  7 giant cockroaches
  13 hobgoblins
  A jackal (D:4)
  2 quokkas
  10 ball pythons
  5 frilled lizards
  17 goblins
  15 kobolds
  2 rats (D:1)
232 creatures vanquished.

Notes
Turn   | Place    | Note
-------+----------+-------------------------------------------
     0 | D:1      | zero the Gargoyle Fighter began the quest for the Orb.
     0 | D:1      | Reached XP level 1. HP: 14/14 MP: 1/1
    61 | D:1      | Reached XP level 2. HP: 14/19 MP: 2/2
   428 | D:1      | Reached XP level 3. HP: 24/24 MP: 3/3
   443 | D:1      | Found a faded altar of an unknown god.
   742 | D:2      | Noticed Robin
   752 | D:2      | Killed Robin
   753 | D:2      | Reached XP level 4. HP: 29/29 MP: 4/4
   849 | D:2      | Reached skill level 4 in Fighting
   936 | D:2      | Found a glowing silver altar of Zin.
  1137 | D:2      | Became a worshipper of Zin the Law-Giver
  1137 | D:2      | Reached * piety under Zin
  1465 | D:3      | Reached skill level 1 in Invocations
  1465 | D:3      | Reached XP level 5. HP: 33/33 MP: 5/5
  1905 | D:4      | Noticed Menkaure
  1916 | D:4      | Killed Menkaure
  1917 | D:4      | Reached XP level 6. HP: 17/39 MP: 6/8
  2354 | D:4      | Noticed Natasha
  2378 | D:4      | Noticed Eustachio
  2419 | D:4      | Killed Eustachio
  2420 | D:4      | Reached XP level 7. HP: 13/44 MP: 9/9
  2674 | D:4      | Reached ** piety under Zin
  2703 | D:4      | Reached skill level 5 in Fighting
  2763 | D:4      | Reached skill level 5 in Axes
  3210 | D:5      | Entered Level 5 of the Dungeon
  3492 | D:5      | Reached skill level 5 in Shields
  3500 | D:5      | Reached XP level 8. HP: 36/49 MP: 11/11
  3590 | D:5      | Found a staircase to the Ecumenical Temple.
  3695 | D:5      | Identified the +9 dagger "Pabirghina" {freeze, Str+3 Int+3}
  3843 | D:5      | Found a stormy altar of Qazlal.
  4076 | D:6      | Noticed Sigmund
  4099 | D:6      | Killed Sigmund
  4273 | D:6      | Reached skill level 6 in Fighting
  4472 | D:6      | Reached skill level 5 in Invocations
  4517 | D:6      | Found a runed translucent door.
  4592 | D:6      | Found a hide-covered altar of Uskayaw.
  4593 | D:6      | Found a glowing golden altar of the Shining One.
  4612 | D:6      | Noticed Grinder
  4622 | D:6      | Killed Grinder
  4748 | D:6      | Found Volimpy's Jewellery Shop.
  4749 | D:6      | Noticed Edmund
  4763 | D:6      | Killed Edmund
  4764 | D:6      | Reached skill level 7 in Fighting
  4764 | D:6      | Reached XP level 9. HP: 40/57 MP: 13/13
  5051 | D:6      | Noticed Crazy Yiuf
  5079 | D:6      | Found a shadowy altar of Dithmenos.
  5124 | D:6      | Reached skill level 5 in Armour
  5255 | D:6      | Killed Crazy Yiuf
  5259 | D:6      | Identified the +5 hammer "Ecunobey" {heavy, Will+ Int+4}
  5394 | D:7      | Reached *** piety under Zin
  5402 | D:7      | Noticed a troll
  5422 | D:7      | Killed a troll
  5726 | D:7      | Reached skill level 8 in Fighting
  6065 | D:8      | Reached XP level 10. HP: 35/65 MP: 15/15
  6212 | D:8      | Reached skill level 9 in Fighting
  6334 | D:9      | Noticed a centaur warrior
  6351 | D:8      | Killed a centaur warrior
  6850 | D:8      | Noticed a centaur warrior
  6999 | D:9      | Noticed a six-headed hydra
  7197 | D:9      | Reached **** piety under Zin
  7274 | D:9      | Reached skill level 10 in Fighting
  7500 | D:9      | Noticed a four-headed hydra
  7576 | D:9      | Noticed a cyclops
  7610 | D:9      | Killed a cyclops
  7852 | D:9      | Reached XP level 11. HP: 73/73 MP: 17/17
  7997 | D:9      | Found a staircase to the Orcish Mines.
  8005 | D:9      | Reached skill level 11 in Fighting
  8050 | D:9      | Killed a five-headed hydra
  8050 | D:9      | Killed by an exploding five-headed hydra... ignited by
                  | their inner flame

Illustrated notes

Levels and vault maps discovered:
D:1:      reono_arrival_forest_river, layout_basic,
          hellmonk_ecumenical_altar_defaced_shrine
D:2:      layout_loops_ring, basic_altar, uniq_robin
D:3:      layout_rooms
D:4:      minmay_inner_zag, layout_basic, uniq_eustachio, uniq_menkaure,
          uniq_natasha
D:5:      layout_basic, nicolae_qazlal_general_emergency,
          minmay_temple_entry_waves
D:6:      corexii_shack_village, layout_rooms, nicolae_overflow_hidden_temple,
          serial_shops, nicolae_shop_stone, amethyst_killhole, minmay_between,
          uniq_edmund, uniq_grinder, uniq_sigmund, uniq_crazy_yiuf_cottage
D:7:      layout_rooms
D:8:      layout_basic, onia_ninara_dug_in_and_dangerous
D:9:      minmay_cut_squares, layout_basic, lemuel_zombie_altar_yredelemnul,
          david_lair_shrubbed, orc_0_dummy

Skill      XL: |  1  2  3  4  5  6  7  8  9 10 11 |
---------------+----------------------------------+-----
Axes           | 2 3 4 5 6 7 |  7.8
Fighting       | 4 5 7 8 10 11 | 11.1
Invocations    | 1 2 3 4 5 6 8 |  8.3
Shields        | 4 5 7 8 |  8.0
Armour         | 4 5 |  5.0

Action                     |  1- 3 |  4- 6 |  7- 9 | 10-12 || total
---------------------------+-------+-------+-------+-------++-------
  Melee: War axe           |    80 |   126 |   345 |   180 ||   731
 Invoke: Recite            |       |     3 |     4 |     3 ||    10
         Vitalisation      |       |       |     5 |     4 ||     9
         Imprison          |       |       |       |     1 ||     1
  Evoke: Wand              |       |       |       |     3 ||     3
    Use: Scroll            |     2 |     3 |     2 |     5 ||    12
   Stab: Confused          |       |       |     1 |       ||     1
         Paralysed         |       |       |       |     1 ||     1
 Armour: Scale mail        |    62 |   149 |   118 |       ||   329
         Plate armour      |       |       |   237 |   270 ||   507
  Dodge: Dodged            |    29 |    44 |    99 |    45 ||   217
  Block: Buckler           |    12 |       |       |       ||    12
         Tower shield      |    28 |   107 |   314 |   184 ||   633

Table legend: (Time is in decaauts)
 A = Elapsed time spent in this place.
 B = Non-inter-level travel time spent in this place.
 C = Inter-level travel time spent in this place.
 D = Time resting spent in this place.
 E = Time spent auto-exploring this place.
 F = Levels seen in this place.
 G = Mean time per level.
                   A        B        C        D        E       F      G
               +--------+--------+--------+--------+--------+-----+--------+
         Total |   8382 |   7791 |    591 |   1740 |   4243 |   9 |  931.3 |
       Dungeon |   8382 |   7791 |    591 |   1740 |   4243 |   9 |  931.3 |
               +--------+--------+--------+--------+--------+-----+--------+

Top non-repeatable levels by time:
     D:4: 1690 daAuts
     D:8: 1214 daAuts
     D:6: 1082 daAuts
     D:5: 918 daAuts
     D:9: 879 daAuts
     D:7: 769 daAuts
     D:2: 748 daAuts
     D:1: 621 daAuts
     D:3: 458 daAuts
